AoeStats
← sales96

Arena

509909383Analyzed
4v4 RM · 5d ago on Sep 28, 2026· 41m 13s· 8 players
Game mode
Random Map
Map size
Large (8 player)
Population
200
Speed
Normal
Resources
Standard
Victory
Conquest
Starting age
Dark Age
Ending age
Imperial Age
RankedLock teamsTeams togetherTeam positionsShared explorationLock speedFull tech treeHidden civsTurbo modeCheats
Victory
Defeat
🇦🇷 Koreans · Argentina
1555
+15
🇦🇷 Bengalis · Argentina
1470
+19
🇨🇳 Cumans · China
1434
+20
🇨🇳 Wei · China
1434
+20
🇭🇰 Hindustanis · Hong Kong SAR China
1582
-20
🇭🇰 Shu · Hong Kong SAR China
1574
-20
🇭🇰 Bohemians · Hong Kong SAR China
1566
-20
🇨🇳 Mongols · China
1417
-14
pela
10:38 Feudal Age
10:59 Feudal Age
14:51 Castle Age
13:03 Double-Bit Axe
13:33 Horse Collar
20:34 Bow Saw
22:56 Wheelbarrow
23:38 Gold Mining
25:49 Loom
28:47 Imperial Age
26:28 Padded Archer Armor
26:19 Fletching
27:29 Hand Cart
27:30 Leather Archer Armor
28:06 Bodkin Arrow
28:40 Ballistics
28:34 Bloodlines
28:25 Husbandry
28:53 Elite Skirmisher
28:54 Elite Elephant Archer
32:18 Chemistry
31:30 Masonry
31:51 Conscription
32:08 Ring Archer Armor
31:39 Bracer
31:07 Siege Elephant
32:58 Paiks
35:32 Ring Archer Armor
34:52 Light Cavalry
36:10 Heavy Plow
36:47 Scale Barding Armor
36:53 Forging
38:21 Iron Casting
38:13 Chain Barding Armor
41:54 Plate Barding Armor
sales96
10:38 Feudal Age
12:22 Loom
15:05 Castle Age
13:49 Town Watch
13:57 Double-Bit Axe
14:33 Horse Collar
15:39 Fletching
18:04 Bodkin Arrow
25:10 Ballistics
25:43 Wheelbarrow
25:47 Bow Saw
37:45 Imperial Age
35:52 Eupseong
35:49 Treadmill Crane
37:03 Heavy Plow
36:54 Gold Mining
38:03 Masonry
38:01 Heavy Rocket Cart
39:07 Bracer
39:32 Hand Cart
40:36 Chemistry
40:00 Conscription
41:13 Shinkichon
博饼
8:25 Feudal Age
8:56 Double-Bit Axe
8:51 Horse Collar
15:00 Wheelbarrow
19:45 Castle Age
17:38 Gold Mining
19:52 Castle Age
18:56 Forging
18:53 Scale Barding Armor
19:58 Bloodlines
20:45 Heavy Plow
20:55 Bow Saw
21:49 Gold Shaft Mining
22:59 Iron Casting
24:08 Chain Barding Armor
28:09 Loom
28:40 Hand Cart
31:45 Imperial Age
28:54 Man-at-Arms
28:54 Pikeman
29:34 Squires
29:36 Scale Mail Armor
31:12 Chain Mail Armor
31:23 Hand Cart
31:20 Town Watch
31:30 Arson
32:19 Town Patrol
33:19 Crop Rotation
32:31 Halberdier
34:12 Two-Man Saw
33:44 Crop Rotation
34:00 Plate Mail Armor
35:16 Blast Furnace
35:45 Plate Barding Armor
37:04 Coinage
36:59 Cavalier
40:11 Paladin
尛b
9:31 Feudal Age
9:58 Double-Bit Axe
9:54 Horse Collar
10:05 Gold Mining
14:30 Wheelbarrow
17:17 Castle Age
21:19 Imperial Age
21:21 Bow Saw
23:06 Block Printing
27:17 Thumb Ring
29:23 Parthian Tactics
29:41 Fortified Wall
29:54 Fletching
31:05 Bodkin Arrow
31:11 Padded Archer Armor
32:30 Bracer
33:09 Ballistics
33:36 Leather Archer Armor
36:41 Chemistry
36:24 Ring Archer Armor
41:03 Gold Shaft Mining
40:31 Heavy Plow
40:20 Loom
40:51 Bloodlines
40:41 Husbandry
Andy
9:54 Feudal Age
13:46 Castle Age
11:56 Double-Bit Axe
12:17 Horse Collar
14:50 Bow Saw
14:59 Heavy Plow
19:39 Gold Mining
21:04 Wheelbarrow
25:44 Imperial Age
23:26 Stone Mining
24:25 Crossbowman
25:10 Thumb Ring
25:23 Thumb Ring
25:09 Fletching
25:19 Padded Archer Armor
26:22 Hand Cart
25:52 Town Watch
26:08 Loom
26:50 Bodkin Arrow
26:55 Guard Tower
30:47 Ballistics
34:31 Bracer
36:25 Chemistry
36:44 Arbalester
39:03 Leather Archer Armor
kenny yip
9:52 Feudal Age
13:38 Castle Age
11:40 Double-Bit Axe
12:06 Horse Collar
16:27 Bow Saw
16:18 Loom
20:36 Wheelbarrow
21:08 Gold Mining
22:11 Hand Cart
22:36 Scale Barding Armor
22:43 Forging
23:11 Bloodlines
23:27 Husbandry
24:45 Devotion
25:35 Iron Casting
25:07 Loom
27:04 Coinage
29:31 Town Watch
30:09 Chain Barding Armor
33:44 Imperial Age
31:42 Heavy Plow
33:57 Gold Shaft Mining
34:52 Grand Trunk Road
35:20 Scale Mail Armor
35:39 Squires
35:25 Arson
35:50 Stone Mining
35:49 Heavy Camel Rider
37:30 Chain Mail Armor
37:51 Conscription
38:36 Plate Barding Armor
39:04 Elite Ghulam
40:05 Elite Ghulam
41:47 Blast Furnace
Yan
10:42 Feudal Age
11:49 Double-Bit Axe
14:30 Castle Age
12:33 Horse Collar
15:43 Bow Saw
15:49 Heavy Plow
17:47 Fervor
18:48 Loom
20:41 Sanctity
27:55 Wheelbarrow
29:28 Hand Cart
32:51 Imperial Age
30:52 Scale Mail Armor
31:36 Fletching
31:47 Padded Archer Armor
32:18 Bodkin Arrow
32:06 Elite Skirmisher
33:14 Leather Archer Armor
34:01 Chemistry
33:33 Bracer
34:35 Ballistics
35:39 Ring Archer Armor
35:49 Conscription
36:16 Houfnice
40:02 Squires
39:23 Pikeman
40:13 Halberdier
民办大A
11:14 Feudal Age
12:22 Double-Bit Axe
14:55 Castle Age
13:08 Horse Collar
16:09 Bow Saw
16:03 Heavy Plow
17:54 Loom
22:54 Wheelbarrow
23:33 Fletching
28:37 Imperial Age
26:42 Bodkin Arrow
26:48 Padded Archer Armor
27:38 Ballistics
27:14 Gold Mining
27:15 Stone Mining
28:18 Hand Cart
28:39 Thumb Ring
28:52 Leather Archer Armor
29:54 Conscription
29:37 Nomads
30:04 Bloodlines
30:28 Husbandry
30:50 Elite Mangudai
32:23 Bracer
33:25 Chemistry
32:33 Capped Ram
34:08 Scale Barding Armor
34:13 Forging
35:10 Parthian Tactics
34:44 Light Cavalry
36:23 Chain Barding Armor
36:39 Iron Casting
36:44 Gold Shaft Mining
36:46 Stone Shaft Mining
36:35 Siege Ram
37:22 Hussar
Connection lost

Rejoining the realm…

Still unreachable

The connection could not be restored.

Session expired

The server has moved on; the page needs a fresh start.